 Dungeon Crawl Stone Soup version 0.31-a0-986-g5e6e4ef867 (webtiles) character file.

Game seed: 2020149907785685447

4503 Maxmaps the Slicer (level 10, -1/63 HPs)
             Began as an Octopode Monk on Nov 7, 2023.
             Was an Initiate of Gozag.
             Slain by a yak (12 damage)
             ... on level 8 of the Dungeon.
             The game lasted 00:09:19 (8399 turns).

Maxmaps the Slicer (Octopode Monk)                  Turns: 8399, Time: 00:09:20

Health: -1/63      AC:  5    Str: 10    XL:     10   Next: 38%
Magic:  10/10      EV: 14    Int: 18    God:    Gozag
Gold:   864        SH:  0    Dex: 14    Spells: 9/9 levels left

rFire   . . .        H - +5 scimitar
rCold   . . .        (no shield)
rNeg    . . .        (helmet restricted)
rPois   .            A - amulet of regeneration
rElec   .            u - +4 ring of protection
rCorr   +            v - ring of resist corrosion
SInv    .            (no ring)
Will    .....        (no ring)
Stlth   +++++        (no ring)
HPRegen 1.10/turn    (no ring)
MPRegen 0.12/turn    (no ring)
                     (no ring)

%: no passive effects
@: no status effects
A: almost no armour, amphibious, 8 rings, camouflage 1, gelatinous body 1,
(nimble swimmer 1), tentacles
a: Renounce Religion, Potion Petition, Call Merchant, Bribe Branch


You were on level 8 of the Dungeon.
You worshipped Gozag.
Gozag was pleased with you.
You visited 2 branches of the dungeon, and saw 10 of its levels.

You collected 864 gold pieces.

Inventory:

Hand Weapons
 e - a +1 dagger of electrocution
 n - a +2 short sword of venom
 p - a +1 dagger of draining
 H - a +5 scimitar (weapon)
Armour
 b - an orb of light
Jewellery
 g - an amulet of the acrobat
 u - a +4 ring of protection (left tentacle)
 v - a ring of resist corrosion (right tentacle)
 A - an amulet of regeneration (around mantle)
 I - a ring of willpower
Talismans
 F - a blade talisman
Wands
 a - a wand of polymorph (8)
 r - a wand of acid (5)
 s - a wand of flame (16)
 E - a wand of charming (8)
Scrolls
 c - a scroll of poison
 d - 4 scrolls of teleportation
 k - 2 scrolls of amnesia
 m - a scroll of fog
 q - 2 scrolls of vulnerability
 w - 2 scrolls of enchant weapon
 y - 2 scrolls of revelation {unknown}
 B - a scroll of torment {unknown}
 D - 3 scrolls of identify
Potions
 f - 4 potions of might
 h - 3 potions of curing
 i - a potion of degeneration
 j - a potion of mutation
 l - a potion of haste {unknown}
 o - a potion of cancellation {unknown}
 t - a potion of lignification {unknown}
 x - a potion of brilliance {unknown}
 z - 2 potions of heal wounds {unknown}
 C - a potion of attraction {unknown}
 G - a potion of resistance {unknown}


   Skills:
 - Level 3.0 Fighting
 - Level 10.2(10.5) Short Blades
 + Level 4.0(7.6) Long Blades
 - Level 3.0 Dodging
 - Level 9.0 Stealth
 - Level 3.0 Unarmed Combat
 - Level 8.2 Evocations


You had 9 spell levels left.
You didn't know any spells.
Your spell library was empty.

Dungeon Overview and Level Annotations

Branches:
Dungeon (9/15)             Temple (1/1) D:4
   Lair: D:8-11         Orc: D:9-12

Altars:
Ashenzari
Elyvilon
Fedhas
Gozag
Kikubaaqudgha
Nemelex Xobeh
Okawaru
Qazlal
Sif Muna
Trog
Uskayaw
Wu Jian
Yredelemnul
Zin
The Shining One

Shops:
D:7 [*


Innate Abilities, Weirdness & Mutations

You cannot wear most types of armour.
You are amphibious.
You can wear up to eight rings at the same time.
Your skin changes colour to match your surroundings (Stealth+).
Your rubbery body absorbs attacks. (AC +1, EV +1)
((You are camouflaged when in or above water. (Stealth+)))
You have tentacles for arms and can constrict up to eight enemies at once.


Message History

You slash the yak! You squeeze the yak, but do no damage.
The yak is almost dead.
The yak gores you. The yak gores you!
You hit the yak.
You kill the yak!
The yak gores you.
Your life force feels restored.
Your base Long Blades skill increases to level 4!
You slash the yak!
Your tentacle-slap misses the yak.
The yak is lightly wounded.
The yak is distracted by your dazzling golden aura.
Unknown command.
You strike the helpless yak from behind!
You hit the yak.
The yak is no longer distracted by gold.
The yak is moderately wounded.
The yak gores you!
* * * LOW HITPOINT WARNING * * *
You hit the yak.
The yak is moderately wounded.
The yak gores you.
* * * LOW HITPOINT WARNING * * *
You feel better. The yak gores you.
* * * LOW HITPOINT WARNING * * *
You barely miss the yak.
The yak is moderately wounded.
The yak closely misses you.
You slash the yak! Your squeeze misses the yak.
The yak is heavily wounded.
The yak gores you but does no damage.
You hit the yak. Your squeeze misses the yak.
The yak is severely wounded.
The yak gores you!
* * * LOW HITPOINT WARNING * * *
You feel better. The yak barely misses you.
You hit the yak but do no damage.
The yak is severely wounded.
The yak gores you!
You die...
Your body crumbles into a pile of gold.

#.# #..####..####...###### #.#
#...##....P##...#.#### #.#
#.#.....##.^#..##.#..#
#.##########.##....###.#..##^..##
..........##.##....# #.####.#####
........#.##.###...# #..##..#..P#
........#.##.# #...# ##.##.##)###
###.....#.##.###Y..# ##..^P#..)#
..........#..#..@..# ##^..#.#.#
##........#..###$### #...^.).#
##...###.##.####.# ##....###
.....# #.#.......# #.^.^...
##...###.#..###### ##P^^.^.
.................# #....^^
..)..###^........# ##P...#
.................# #^PP##
.....######.###### ##P^##


You could see a yak.

Vanquished Creatures
  A wyvern (D:7)
  A yak (D:8)
  Edmund (D:6)
  6 water moccasins
  2 ice beasts (D:7)
  2 black bears
  An orc warrior (D:6)
  5 centaurs
  A phantom (D:5)
  A kobold brigand (D:7)
  5 bullfrogs
  4 scorpions
  8 wights
  4 killer bees (D:7)
  A howler monkey (D:7)
  A jelly (D:4)
  6 hounds
  A gnoll bouda (D:6)
  Crazy Yiuf (D:3)
  6 orc priests
  5 sleepcaps
  4 iguanas
  10 orc wizards
  Robin (D:2)
  6 adders
  10 gnolls
  2 shadow imps
  A white imp (D:7)
  3 dart slugs
  49 orcs
  6 ball pythons
  8 endoplasms
  3 giant cockroaches
  11 goblins
  12 hobgoblins
  2 jackals (D:5)
  11 kobolds
  3 quokkas
  10 bats
  7 rats
222 creatures vanquished.

Vanquished Creatures (others)
  3 orcs (D:4)
3 creatures vanquished.

Grand Total: 225 creatures vanquished

Notes
Turn   | Place    | Note
-------+----------+-------------------------------------------
     0 | D:1      | Maxmaps the Octopode Monk began the quest for the Orb.
     0 | D:1      | Reached XP level 1. HP: 16/16 MP: 1/1
    55 | D:1      | Reached skill level 1 in Stealth
   140 | D:1      | Found a faded altar of an unknown god.
   163 | D:1      | Reached XP level 2. HP: 20/21 MP: 2/2
   887 | D:2      | Reached XP level 3. HP: 26/26 MP: 3/3
  1105 | D:2      | Noticed Robin
  1119 | D:2      | Killed Robin
  1137 | D:2      | Reached skill level 5 in Stealth
  1191 | D:2      | Identified the +1 scale mail "Econeesaa" {Str+3 Int+3}
  1400 | D:2      | Reached XP level 4. HP: 30/31 MP: 4/4
  2015 | D:3      | Reached XP level 5. HP: 26/36 MP: 5/5
  2381 | D:3      | Found a glowing golden altar of the Shining One.
  2393 | D:3      | Reached XP level 6. HP: 32/42 MP: 6/6
  2497 | D:3      | Found a runed translucent door.
  2498 | D:3      | Noticed Crazy Yiuf
  2876 | D:3      | Killed Crazy Yiuf
  3280 | D:4      | Reached skill level 1 in Short Blades
  3414 | D:4      | Found a staircase to the Ecumenical Temple.
  3416 | D:4      | Reached skill level 2 in Short Blades
  3428 | D:4      | Reached XP level 7. HP: 8/44 MP: 7/7
  3437 | Temple   | Entered the Ecumenical Temple
  3673 | D:4      | Found an iron altar of Okawaru.
  3681 | D:4      | Reached skill level 3 in Short Blades
  3873 | D:4      | Found a white marble altar of Elyvilon.
  3988 | D:4      | Reached skill level 4 in Short Blades
  4060 | D:4      | Found a stormy altar of Qazlal.
  4347 | D:5      | Entered Level 5 of the Dungeon
  4486 | D:5      | Reached skill level 5 in Short Blades
  4528 | D:5      | Reached XP level 8. HP: 52/52 MP: 8/8
  4594 | D:5      | Reached skill level 6 in Short Blades
  4808 | D:5      | Reached skill level 7 in Short Blades
  5395 | D:6      | Reached skill level 8 in Short Blades
  5487 | D:6      | Found a broken altar of Ashenzari.
  5491 | D:6      | Saw a vision of the Shoals and the Snake Pit.
  5491 | D:6      | Noticed a sea snake
  5491 | D:6      | Noticed a manticore
  5491 | D:6      | Noticed a shock serpent
  5491 | D:6      | Noticed a merfolk
  5491 | D:6      | Noticed a water elemental
  5491 | D:6      | Noticed a naga ritualist
  5491 | D:6      | Noticed a manticore
  5491 | D:6      | Noticed a sea snake
  5491 | D:6      | Noticed a merfolk
  5491 | D:6      | Noticed an anaconda
  5491 | D:6      | Noticed a harpy
  5491 | D:6      | Noticed a merfolk impaler
  5491 | D:6      | Noticed a black mamba
  5491 | D:6      | Noticed a salamander
  5492 | D:6      | Noticed a merfolk
  5493 | D:6      | Noticed a merfolk
  5494 | D:6      | Noticed an alligator snapping turtle
  5495 | D:6      | Noticed a mana viper
  5571 | D:6      | Reached skill level 9 in Short Blades
  5571 | D:6      | Reached XP level 9. HP: 56/56 MP: 9/9
  5595 | D:6      | Noticed Edmund
  5603 | D:6      | Killed Edmund
  6013 | D:7      | Reached skill level 10 in Short Blades
  6569 | D:7      | Reached skill level 1 in Evocations
  6690 | D:7      | Found Gozag's Platinum Reserve.
  6696 | D:7      | Found an opulent altar of Gozag.
  6704 | D:7      | Became a worshipper of Gozag Ym Sagoz the Greedy
  6867 | D:7      | Reached skill level 5 in Evocations
  6906 | D:7      | Identified the +0 ring mail of Xofotal {Regen+}
  7030 | D:7      | Found a hide-covered altar of Uskayaw.
  7072 | D:7      | Found Coapih's Antique Armour Shop.
  7274 | D:7      | Reached XP level 10. HP: 63/63 MP: 10/10
  7536 | D:8      | Identified the +7 whip of Vanity {distort, *Noise rElec
                  | Str+3}
  7854 | D:8      | Reached skill level 1 in Long Blades
  8399 | D:8      | Slain by a yak

Illustrated notes

Levels and vault maps discovered:
D:1:      lemuel_arrival_rhombus, layout_loops_ring,
          hellmonk_ecumenical_altar_zigzags, grunt_decor_arrowhead
D:2:      layout_loops_ring, chequers_garden, ebering_dispersal_statue_hall,
          st_stairs_14, uniq_robin
D:3:      layout_loops_ring, nicolae_tso_swordbearing_angel,
          uniq_crazy_yiuf_cottage
D:4:      layout_basic, lemuel_tele_altar, mainiacjoe_overflow_surrounded_room,
          grunt_qazlal_clouds, minmay_temple_entry_large_hall
D:5:      minmay_inner_zag, layout_rooms, st_stairs_5, columned_hall_lemuel
D:6:      layout_loops_ring, grunt_ashenzari_visionary
          [grunt_ashenzari_visionary_shoals, grunt_ashenzari_visionary_snake],
          hex_medium, uniq_edmund
D:7:      layout_rooms, mainiacjoe_overflow_small_starburst,
          nicolae_gozag_zags_fifth_avenue, serial_shops,
          nicolae_shop_statue_plus, chequers_avenue, minmay_puff
D:8:      old_forge, layout_basic
D:9:      hangedman_screamer, layout_grid_maze, nzn_hepliaklqana_mist_gate,
          slow_altar_1, orc_0_dummy, the_hattery
Temple:   nicolae_temple_godpark

Skill      XL: |  1  2  3  4  5  6  7  8  9 10 |
---------------+-------------------------------+-----
Stealth        | 2 3 5 6 8 9 |  9.0
Short Blades   | 2 5 9 10 | 10.2
Evocations     | 7 8 |  8.2
Long Blades    | 4 |  4.0
Fighting       | |  3.0
Dodging        | |  3.0
Unarmed Combat | |  3.0

Action                     |  1- 3 |  4- 6 |  7- 9 | 10-12 || total
---------------------------+-------+-------+-------+-------++-------
  Melee: Unarmed           |    67 |       |       |       ||    67
         Constrict         |    30 |    30 |    56 |    22 ||   138
         Tentacles         |    17 |    26 |    73 |    26 ||   142
         Punch             |     3 |     2 |    16 |     1 ||    22
         Short sword       |     2 |   114 |   131 |       ||   247
         Dagger            |       |       |   127 |    47 ||   174
         Scimitar          |       |       |       |    56 ||    56
    Use: Scroll            |     6 |       |     7 |       ||    13
         Potion            |       |     2 |     1 |     2 ||     5
   Stab: Sleeping          |     4 |    12 |    22 |    11 ||    49
         Distracted        |       |       |       |     1 ||     1
 Armour: Skin              |    25 |    52 |    82 |    45 ||   204
  Dodge: Dodged            |    31 |    91 |   116 |    51 ||   289

Table legend: (Time is in decaauts)
 A = Elapsed time spent in this place.
 B = Non-inter-level travel time spent in this place.
 C = Inter-level travel time spent in this place.
 D = Time resting spent in this place.
 E = Time spent auto-exploring this place.
 F = Levels seen in this place.
 G = Mean time per level.
                   A        B        C        D        E       F      G
               +--------+--------+--------+--------+--------+-----+--------+
         Total |   8278 |   7897 |    381 |   1101 |   5364 |  10 |  827.8 |
       Dungeon |   8132 |   7775 |    357 |   1101 |   5243 |   9 |  903.6 |
        Temple |    146 |    122 |     24 |      0 |    121 |   1 |  146.0 |
               +--------+--------+--------+--------+--------+-----+--------+

Top non-repeatable levels by time:
     D:3: 1609 daAuts
     D:7: 1375 daAuts
     D:4: 957 daAuts
     D:8: 947 daAuts
     D:5: 930 daAuts
     D:2: 867 daAuts
     D:1: 758 daAuts
     D:6: 673 daAuts
  Temple: 146 daAuts
     D:9: 10 daAuts
